 Dungeon Sprint DCSS version 0.28-a0-697-g47f3eba078 (webtiles) character file.

Game seed: 12706749544052380297

0 tatocazan the Skirmisher (level 1, -1/18 HPs)
             Began as a Demonspawn Fighter on Oct 23, 2021.
             Slain by Sigmund (3 damage)
             ... in the Dungeon (Sprint VI: "Thunderdome").
             The game lasted 00:01:05 (84 turns).

tatocazan the Skirmisher (Demonspawn Fighter)         Turns: 84, Time: 00:01:06

Health: -1/18      AC: 10    Str: 16    XL:     1   Next: 16%
Magic:  9/10       EV:  9    Int: 13    God:
Gold:   110        SH:  4    Dex: 12    Spells: 0/0 levels left

rFire   . . .      SeeInvis .   a - +0 war axe
rCold   + . .      Faith    .   c - +0 buckler
rNeg    . . .      Spirit   .   b - +0 scale mail
rPois   .          Reflect  .   (no helmet)
rElec   .          Harm     .   (no cloak)
rCorr   .          Rampage  .   (no gloves)
Will    .....      NoTele   +   (no boots)
Stlth   ..........              (no amulet)
HPRegen 0.06/turn               p - ring of Sunlight {rC+ MP+9 AC+4 Int+4}
MPRegen 0.12/turn               (no ring)

@: no status effects
A: no striking features
a: no special abilities


You were in the Dungeon.
You visited 1 branch You collected 200 gold pieces.
You spent 90 gold pieces at shops.

Inventory:

Hand Weapons
 a - a +0 war axe (weapon)
Armour
 b - a +0 scale mail (worn)
 c - a +0 buckler (worn)
Jewellery
 o - the ring of Law {Drain Int+8 Dex+6}
   (You bought it in a shop in the Dungeon)

   [ring of dexterity]

   Int:       It affects your intelligence (+8).
   Dex:       It affects your dexterity (+6).
   Drain:     It drains your maximum health when unequipped.
 p - the ring of Sunlight (left hand) {rC+ MP+9 AC+4 Int+4}
   (You bought it in a shop in the Dungeon)

   [ring of protection]

   AC:        It affects your AC (+4).
   Int:       It affects your intelligence (+4).
   rC:        It protects you from cold.
   MP:        It affects your magic capacity (+9).
Wands
 l - a wand of iceblast (5)
Scrolls
 j - 4 scrolls of blinking
 m - 3 scrolls of fog
Potions
 d - a potion of might
 f - 2 potions of heal wounds
 g - 4 potions of haste
 h - 2 potions of magic
 i - a potion of berserk rage
 n - a potion of resistance


   Skills:
 + Level 3.1 Fighting
 + Level 2.0 Axes
 + Level 2.8 Armour
 + Level 2.9 Shields


You couldn't memorise any spells.
You didn't know any spells.
Your spell library was empty.

Dungeon Overview and Level Annotations

Branches:
Dungeon (1/1)

Altars:
Cheibriados
Dithmenos
Gozag
Xom
Beogh
Lugonu

Shops:
D *[?

Annotations:
D Sigmund


Message History

You take 6 damage, and have 2/18 hp.
MASSIVE DAMAGE!!
You feel much better.
You hear some strange, mumbled words.
A magic dart appears from out of thin air!
The magic dart hits you but does no damage.
Health restored: 18
Aiming: Corrosive Bolt
Press: ? - help, Shift-Dir - straight line Something hits you.
You take 5 damage, and have 13/18 hp.
MASSIVE DAMAGE!!
Aiming: Corrosive Bolt
Press: ? - help, Shift-Dir - straight line
Aiming: Corrosive Bolt
Press: ? - help, Shift-Dir - straight line The now-empty wand crumbles to dust.
Something hits you.
You take 3 damage, and have 10/18 hp.
You closely miss something. Something hits you.
* * * LOW HITPOINT WARNING * * *
You take 6 damage, and have 4/18 hp.
MASSIVE DAMAGE!!
You closely miss something. Something hits you but does no damage.
You miss something. Something hits you but does no damage.
You feel much better.
Health restored: 18 You hit something but do no damage.
Something hits you.
You take 2 damage, and have 16/18 hp.
You miss something. Something hits you!
You take 7 damage, and have 9/18 hp.
MASSIVE DAMAGE!!
You closely miss something. Something hits you.
* * * LOW HITPOINT WARNING * * *
You take 6 damage, and have 3/18 hp.
MASSIVE DAMAGE!!
You barely miss something.
An adder comes into view.
The adder hisses angrily.
Something hits you.
* * * LOW HITPOINT WARNING * * *
A dart slug comes into view.
You take 1 damage, and have 2/18 hp.
Okay, then.
Something hits you.
You die...

.. #_..w.... #........
###.........###
#⌠........ ..⌠#
######.8...... ..8.#
##.___{.....# .....
###∩...@....8.# .8...
#..†..........###.....
#S..........###...#
#⌠..........# #.<.#
#⌠..........# #...#
##.............###..
###∩........8. .8..
##∩__.......# .....
######.8.... ..8.#


You could see an adder and a dart slug.

Vanquished Creatures
  A bat (D)
1 creature vanquished.

Notes
Turn   | Place    | Note
-------+----------+-------------------------------------------
     0 | D        | tatocazan the Demonspawn Fighter began the quest for the
                  | Orb.
     0 | D        | Reached XP level 1. HP: 18/18 MP: 1/1
     1 | D        | Found an opulent altar of Gozag.
     2 | D        | Found a shadowy altar of Dithmenos.
     3 | D        | Found a shimmering altar of Xom.
     3 | D        | Found a snail-covered altar of Cheibriados.
     4 | D        | Found a corrupted altar of Lugonu.
     4 | D        | Found Xyf Umet's Identification Station.
     5 | D        | Found Poqaal's Jewellery.
     5 | D        | Found Ritamuos's Advanced Armour.
     5 | D        | Round 1.
    14 | D        | Bought a heavily runed pewter ring for 45 gold pieces
    14 | D        | Identified the ring of Law {Drain Int+8 Dex+6} (You bought
                  | it in a shop in the Dungeon)
    14 | D        | Bought a pitted bronze ring for 45 gold pieces
    14 | D        | Identified the ring of Sunlight {rC+ MP+9 AC+4 Int+4} (You
                  | bought it in a shop in the Dungeon)
    64 | D        | Noticed Sigmund
    84 | D        | Slain by Sigmund

Illustrated notes

Levels and vault maps discovered:
D:        arena_sprint

Skill      XL: |  1 |
---------------+----+-----
Axes           | 2 |  2.0
Fighting       | |  3.1
Armour         | |  2.8
Shields        | |  2.9

Action                   || total
-------------------------++-------
Melee: War axe           ||     8
Evoke: Wand              ||     5
  Use: Potion            ||     3
Armor: Scale mail        ||     5
Block: Buckler           ||     1

Table legend: (Time is in decaauts)
 A = Elapsed time spent in this place.
 B = Non-inter-level travel time spent in this place.
 C = Inter-level travel time spent in this place.
 D = Time resting spent in this place.
 E = Time spent auto-exploring this place.
 F = Levels seen in this place.
 G = Mean time per level.
                   A        B        C        D        E       F      G
               +--------+--------+--------+--------+--------+-----+--------+
         Total |     86 |     86 |      0 |     50 |      0 |   1 |   86.0 |
       Dungeon |     86 |     86 |      0 |     50 |      0 |   1 |   86.0 |
               +--------+--------+--------+--------+--------+-----+--------+

Top non-repeatable levels by time:
       D: 86 daAuts
